 Dungeon Crawl Stone Soup version 0.25-a0-302-g9f758675c1 (webtiles) character file.

Game seed: 18334122069543187820, levelgen mode: deterministic

2765 DerDa the Thaumaturge (level 9, -1/52 HPs)
             Began as an Octopode Wizard on Dec 20, 2019.
             Was a Believer of Sif Muna.
             Slain by a killer bee (5 damage)
             ... on level 8 of the Dungeon.
             The game lasted 00:36:16 (9090 turns).

DerDa the Thaumaturge (Octopode Wizard)             Turns: 9090, Time: 00:36:17

Health: -1/52      AC:  1    Str: 11      XL:     9   Next: 69%
Magic:  18/22      EV: 13    Int: 23      God:    Sif Muna [**....]
Gold:   225        SH:  4    Dex:  9 (11) Spells: 18/27 levels left

rFire    + . .     SeeInvis .   n - +1 whip (flame)
rCold    + . .     Gourm    .   p - +0 buckler
rNeg     . . .     Faith    .   q - +0 hat
rPois    +         Spirit   .   (no amulet)
rElec    +         Reflect  .   (no ring)
rCorr    +         Harm     .   (no ring)
MR       .....                  (no ring)
Stlth    +++.......             (no ring)
HPRegen  0.17/turn              (no ring)
MPRegen  0.18/turn              (no ring)
                                (no ring)
                                (no ring)

@: mighty, lethally poisoned (-1 -> -9), resistant
A: almost no armour, stealthy swim, amphibious, 8 rings, constrict 8, camouflage
1, gelatinous body 1
a: Channel Magic, Renounce Religion


You were on level 8 of the Dungeon.
You worshipped Sif Muna.
Sif Muna was pleased with you.
You were not hungry.

You visited 2 branches of the dungeon, and saw 9 of its levels.

You collected 432 gold pieces.
You spent 207 gold pieces at shops.

Inventory:

Hand Weapons
 a - a +0 falchion
 b - a +0 hunting sling
 k - a +0 spear
 n - a +1 whip of flaming (weapon)
 w - a +1 flail of protection
 I - a +4 short sword of speed
Missiles
 e - 232 stones
 j - 52 sling bullets
 r - 13 bolts
 E - 5 silver boomerangs
 F - 4 poisoned darts (quivered)
Armour
 p - a +0 buckler (worn)
 q - a +0 hat (worn)
Jewellery
 J - an uncursed amulet of the gourmand
Wands
 v - a wand of disintegration (5)
 H - a wand of polymorph (3)
Scrolls
 d - 3 scrolls of fog {unknown}
 f - 10 scrolls of remove curse
 g - 7 scrolls of fear
 h - 7 scrolls of identify
 l - 2 scrolls of enchant armour {unknown}
 t - a scroll of immolation {unknown}
 y - 2 scrolls of magic mapping {unknown}
 z - a scroll of teleportation {unknown}
 A - 2 scrolls of blinking
 B - a scroll of amnesia {unknown}
 D - a scroll of noise {unknown}
Potions
 i - 2 potions of might
 m - a potion of degeneration {unknown}
 o - a potion of cancellation {unknown}
 s - a potion of magic {unknown}
 u - a potion of lignification {unknown}
 x - a potion of agility
 C - a potion of mutation {unknown}
 G - a potion of resistance
Comestibles
 c - 7 rations
 K - 9 chunks of flesh


   Skills:
 + Level 0.7 Fighting
 - Level 2.0 Dodging
 - Level 2.6 Stealth
 - Level 4.0 Shields
 * Level 9.6 Spellcasting
 + Level 7.0 Conjurations
   Level 1.0 Summonings
 - Level 1.0 Translocations
 + Level 0.7 Poison Magic
 + Level 0.6 Invocations


You had 18 spell levels left.
You knew the following spells:

 Your Spells              Type           Power        Failure   Level  Hunger
a - Magic Dart            Conj           ####         1%          1    None
b - Mephitic Cloud        Conj/Pois/Air  ###.....     6%          3    None
c - Conjure Flame         Conj/Fire      ####....     4%          3    None
q - Blink                 Tloc           N/A          6%          2    None

Your spell library contained the following spells:

 Spells                   Type           Power        Failure   Level  Hunger
 Call Imp                 Summ           ###.....     6%          2    None
 Slow                     Hex            ##......     9%          2    None


Dungeon Overview and Level Annotations

Branches:
Dungeon (8/15)             Temple (1/1) D:5
   Lair: D:8-11

Altars:
Ashenzari
Cheibriados
Dithmenos
Gozag
Hepliaklqana
Kikubaaqudgha
Makhleb
Nemelex Xobeh
Okawaru
Qazlal
Ru
Sif Muna
Trog
Uskayaw
Vehumet
Wu Jian
Xom
Yredelemnul
Zin
The Shining One

Shops:
D:4 *?(   D:5 (


Innate Abilities, Weirdness & Mutations

You cannot wear most types of armour.
You are very stealthy in the water. (Stealth+)
You are amphibious.
You can wear up to eight rings at the same time.
You can use your tentacles to constrict eight enemies at once.
Your skin changes colour to match your surroundings (Stealth+).
Your rubbery body absorbs attacks. (AC +1, EV +1)


Message History

Casting: Magic Dart (safe; 1% risk of failure)
Confirm with . or Enter, or press ? or * to list all spells.
Aiming: Magic Dart (safe; 1% risk of failure)
Press: ? - help, Shift-Dir - straight line, f/p - killer bee
Aim: a killer bee (severely wounded)
The magic dart hits the killer bee.
The killer bee is severely wounded.
You feel sick. The killer bee stings you!
* * * LOW HITPOINT WARNING * * *
The killer bee closely misses you.
Unknown command.
It was a potion of might.
You feel very mighty all of a sudden.
You feel sick. The killer bee misses you. The killer bee barely misses you.
It was a potion of resistance.
You feel protected.
You feel sick. The killer bee stings you!
* * * LOW HITPOINT WARNING * * *
The killer bee stings you.
You die...

#.#..#.#
#..
#.##.#.#
#.#
#.##.#.#
#..
#......#
###
####.###
# #...#
# #.###
. #.# #
#@# #
#y# .
#.# .
)(.
.###. ..
.. .. #.
#.> ##
..


You could see a killer bee.

Vanquished Creatures
  Pikel (D:3)
  2 ice beasts
  A slave (D:3)
  A sky beast (D:7)
  2 phantoms
  3 ogres
  A centaur (D:6)
  2 big kobolds (D:7)
  4 bullfrogs (D:6)
  5 killer bees
  3 wights (D:7)
  3 howler monkeys (D:7)
  3 crimson imps
  A gnoll shaman (D:4)
  A quasit (D:8)
  A centaur zombie (D:7)
  An orc priest (D:5)
  A centaur skeleton (D:4)
  A bullfrog skeleton (D:7)
  3 orc wizards
  5 worker ants
  Robin (D:4)
  4 gnolls
  3 worker ant zombies
  8 adders
  3 shadow imps
  2 worms
  3 dart slugs
  5 leopard geckos
  21 orcs
  A ball python (D:1)
  5 giant cockroaches
  12 goblins
  13 hobgoblins
  16 kobolds
  2 quokkas
  6 bats
  4 frilled lizards
  A leopard gecko skeleton (D:8)
  A quokka skeleton (D:6)
  4 rats
160 creatures vanquished.

Vanquished Creatures (others)
  A killer bee (D:8)
1 creature vanquished.

Grand Total: 161 creatures vanquished

Notes
Turn   | Place    | Note
-------+----------+-------------------------------------------
     0 | D:1      | DerDa the Octopode Wizard began the quest for the Orb.
     0 | D:1      | Reached XP level 1. HP: 11/11 MP: 4/4
   535 | D:1      | Reached XP level 2. HP: 17/17 MP: 1/6
   946 | D:1      | Reached XP level 3. HP: 13/21 MP: 1/8
  1725 | D:2      | Reached skill level 4 in Spellcasting
  1795 | D:2      | Reached XP level 4. HP: 25/27 MP: 3/10
  2396 | D:2      | Found a shattered altar of Ashenzari.
  2574 | D:3      | You fall into a shaft and drop 2 floors!
  2574 | D:5      | Entered Level 5 of the Dungeon
  2579 | D:5      | Learned a level 3 spell: Mephitic Cloud
  2583 | D:5      | Learned a level 3 spell: Conjure Flame
  2586 | D:5      | Learned a level 2 spell: Blink
  2691 | D:5      | Found a staircase to the Ecumenical Temple.
  2698 | Temple   | Entered the Ecumenical Temple
  2771 | Temple   | Became a worshipper of Sif Muna the Loreminder
  2883 | D:5      | Reached skill level 1 in Shields
  2883 | D:5      | Reached XP level 5. HP: 22/31 MP: 6/11
  2964 | D:5      | Found a sand-covered staircase.
  3184 | D:5      | Found Vihur's Weapon Shoppe.
  3269 | D:5      | Reached skill level 5 in Spellcasting
  3269 | D:5      | Reached XP level 6. HP: 25/36 MP: 10/13
  4009 | D:3      | Found a hide-covered altar of Uskayaw.
  4054 | D:3      | Reached * piety under Sif Muna
  4369 | D:4      | Found Kokkuz's Antique Weapon Emporium.
  4590 | D:4      | Noticed Robin
  4620 | D:4      | Killed Robin
  4661 | D:4      | Noticed a phantom
  4899 | D:4      | Found Haiwa's General Store.
  5541 | D:4      | Reached XP level 7. HP: 34/41 MP: 9/15
  5557 | D:4      | Found Daguhoih's Magic Scroll Shoppe.
  5563 | D:4      | Noticed Pikel
  5565 | D:4      | Bought a scroll of identify for 26 gold pieces
  5565 | D:4      | Bought a scroll of fear for 45 gold pieces
  5565 | D:4      | Bought a scroll of remove curse for 39 gold pieces
  5565 | D:4      | Bought a scroll of blinking for 97 gold pieces
  5845 | D:3      | Killed Pikel
  5845 | D:3      | Reached skill level 6 in Spellcasting
  5845 | D:3      | Reached XP level 8. HP: 22/46 MP: 4/17
  6251 | D:6      | Reached skill level 7 in Spellcasting
  6368 | D:6      | Reached skill level 5 in Conjurations
  6769 | D:6      | Reached skill level 8 in Spellcasting
  6882 | D:6      | Reached XP level 9. HP: 51/51 MP: 14/21
  6955 | D:6      | Reached ** piety under Sif Muna
  7032 | D:6      | Found a snail-covered altar of Cheibriados.
  7713 | D:7      | Reached skill level 9 in Spellcasting
  9090 | D:8      | Slain by a killer bee

Levels and vault maps discovered:
D:1:      elethiomel_arrival_maze, layout_basic
D:2:      layout_basic, nicolae_overflow_hidden_temple, serial_co_window_serial,
          co_window_of_opportunity_a, co_window_paths_a, co_window_paths_b,
          co_window_paths_b, co_window_corner_a, co_window_corner_cb,
          co_window_broadway_b, co_window_2corner, co_window_broadway_c
D:3:      layout_basic, nicolae_overflow_crystal_walls
D:4:      layout_cave_pods, serial_shops, shop, shop, shop, uniq_robin,
          uniq_pikel
D:5:      layout_loops_ring, minmay_temple_entry_nine_rooms, first_ration,
          serial_shops, nicolae_shop_waterfront, enter_ossuary_5,
          gup_sewer_entry_spiral
D:6:      layout_cave_pools, kennysheep_slug_shrine
D:7:      layout_gridville
D:8:      layout_loops_cross, hangedman_little_slice_of_home
Temple:   regret_index_temple_mists

Skill      XL: |  1  2  3  4  5  6  7  8  9 |
---------------+----------------------------+-----
Conjurations   | 2 3 4 5 7 |  7.0
Spellcasting   | 4 5 6 8 9 |  9.6
Shields        | 1 2 3 4 |  4.0
Fighting       | |  0.7
Dodging        | |  2.0
Stealth        | |  2.6
Summonings     | |  1.0
Translocations | |  1.0
Poison Magic   | |  0.7
Invocations    | |  0.6

Action                   |  1- 3 |  4- 6 |  7- 9 || total
-------------------------+-------+-------+-------++-------
Melee: Unarmed           |    21 |       |       ||    21
       Constrict         |     8 |    14 |    19 ||    41
       Tentacles         |     4 |     9 |    14 ||    27
       Club              |     3 |       |       ||     3
       Falchion          |       |    42 |     6 ||    48
       Whip              |       |       |    87 ||    87
Throw: Dart              |       |    54 |    28 ||    82
       Boomerang         |       |    11 |       ||    11
 Cast: Magic Dart        |    68 |   131 |   260 ||   459
       Mephitic Cloud    |       |     8 |    14 ||    22
       Blink             |       |       |     5 ||     5
       Conjure Flame     |       |       |     2 ||     2
Evoke: Wand              |       |       |     2 ||     2
  Use: Potion            |       |       |     2 ||     2
 Stab: Confused          |       |     1 |     2 ||     3
  Eat: Chunk             |     3 |    11 |     5 ||    19
       Ration            |       |       |     2 ||     2
Armor: Skin              |     3 |     2 |     8 ||    13
Dodge: Dodged            |    36 |    57 |   105 ||   198
Block: Buckler           |       |       |    25 ||    25
       Rpst.: Falchion   |       |    14 |     1 ||    15

Table legend:
 A = Non-vault XP
 B = Vault XP
 C = Vault XP percentage of total XP
 D = Non-vault monster count
 E = Vault monster count
 F = Vault count percentage of total count
                 A         B        C        D         E       F
            +---------+---------+-------+---------+---------+-------
      Total |    3302 |     649 |  16.4 |     140 |      20 |  12.5
            +---------+---------+-------+---------+---------+-------
        D:1 |      52 |       0 |   0.0 |      21 |       0 |   0.0
        D:2 |      50 |       0 |   0.0 |      15 |       0 |   0.0
        D:3 |      49 |     561 |  92.0 |      14 |       1 |   6.7
        D:4 |     329 |      33 |   9.1 |      12 |      11 |  47.8
        D:5 |     218 |      51 |  19.0 |      13 |       7 |  35.0
        D:6 |    1148 |       4 |   0.3 |      21 |       1 |   4.5
        D:7 |    1218 |       0 |   0.0 |      32 |       0 |   0.0
        D:8 |     238 |       0 |   0.0 |      12 |       0 |   0.0
            +---------+---------+-------+---------+---------+-------
